 Dungeon Crawl Stone Soup version 0.30.1-4-g462c640d31 (webtiles) character file.

Game seed: 10051270680320706067

53 monsoonserge the Shooter (level 4, -5/34 HPs)
             Began as a Formicid Hunter on Aug 11, 2023.
             Killed by divine providence
             ... invoked by an orc priest
              (15 damage)
             ... on level 3 of the Dungeon.
             The game lasted 00:03:27 (1477 turns).

monsoonserge the Shooter (Formicid Hunter)          Turns: 1477, Time: 00:03:28

Health: -5/34      AC:  6    Str: 15    XL:     4   Next: 10%
Magic:  4/4        EV: 12    Int:  9    God:
Gold:   53         SH:  0    Dex: 19    Spells: 3/3 levels left

rFire   . . .        a - +0 shortbow
rCold   . . .        (no shield)
rNeg    + . .        p - +3 leather armour
rPois   .            (helmet unavailable)
rElec   .            (no cloak)
rCorr   .            (no gloves)
SInv    +            (no boots)
Will    .....        (no amulet)
Stlth   ++           r - ring of positive energy
HPRegen 0.25/turn    (no ring)
MPRegen 0.09/turn

%: no passive effects
@: no status effects
A: permanent stasis, dig shafts and tunnels, antennae 3, four strong arms
a: Dig, Shaft Self


You were on level 3 of the Dungeon.
You visited 1 branch of the dungeon, and saw 3 of its levels.

You collected 53 gold pieces.

Inventory:

Hand Weapons
 a - a +0 shortbow (weapon)
Missiles
 f - 15 poisoned darts
Armour
 p - a +3 leather armour (worn)
Jewellery
 r - a ring of positive energy (left hand)
Scrolls
 b - a scroll of immolation
 c - 4 scrolls of identify {unknown}
 g - 2 scrolls of brand weapon {unknown}
 j - a scroll of teleportation {unknown}
 n - a scroll of blinking {unknown}
 q - a scroll of poison {unknown}
Potions
 d - 2 potions of lignification {unknown}
 e - a potion of might {unknown}
 h - a potion of heal wounds {unknown}
 i - a potion of haste {unknown}
 k - a potion of curing {unknown}
 l - a potion of mutation {unknown}
 m - a potion of cancellation {unknown}
 o - a potion of attraction {unknown}
 s - a potion of resistance {unknown}
 t - a potion of flight {unknown}


   Skills:
 + Level 2.5 Fighting
 + Level 4.8 Ranged Weapons
 + Level 1.1 Armour
 - Level 2.0 Dodging
 + Level 1.7 Stealth


You had 3 spell levels left.
You didn't know any spells.
Your spell library contained the following spells:

 Spells                   Type           Power      Damage    Failure   Level
 Manifold Assault         Tloc           0%         N/A       99%         4
 Storm Form               Tmut/Air       0%         N/A       100%        7
 Blink                    Tloc           Unusable   N/A       N/A         2

Dungeon Overview and Level Annotations

Branches:
Dungeon (3/15)

Altars:
Uskayaw

Shops:
D:2 *   D:3 !


Innate Abilities, Weirdness & Mutations

You cannot be hasted, slowed, berserked, paralysed or teleported.
You can dig through walls and to a lower floor.
You have a pair of large antennae on your head. (SInv)
Your four strong arms can wield two-handed weapons with a shield.


Message History

You shoot an arrow. The arrow hits the orc.
You kill the orc!
You shoot an arrow. The arrow barely misses the orc wizard.
A rat comes into view.
An orc priest comes into view. It is wielding a +0 club.
You shoot an arrow.
The arrow closely misses the orc wizard.
The arrow hits the rat.
You kill the rat!
The orc wizard casts a spell at you. The puff of flame misses you.
You shoot an arrow.
The arrow closely misses the orc wizard.
The orc priest mumbles some strange prayers to Beogh against you.
Pain shoots through your body!
You shoot an arrow.
The arrow closely misses the orc wizard.
The orc priest casts a cantrip, but nothing happens.
The orc wizard barely misses you.
You shoot an arrow.
The arrow closely misses the orc wizard.
The orc priest invokes the aid of Beogh against you.
Beogh smites you!
The orc wizard hits you with a +0 dagger.
* * * LOW HITPOINT WARNING * * *
You are too injured to fight recklessly!
Fire: a) +0 shortbow
Press: ? - help, Q - select action, (/) - cycle Shift-Dir - straight line, f/p - orc wizard
Aim: an orc wizard, wielding a +0 dagger and wearing a +0 robe (58% to hit)
You shoot an arrow. The arrow hits the orc wizard!
The orc wizard is heavily wounded.
The orc wizard casts a spell at you. The puff of flame misses you.
Fire: a) +0 shortbow
Press: ? - help, Q - select action, (/) - cycle Shift-Dir - straight line, f/p - orc wizard
Aim: an orc wizard, wielding a +0 dagger and wearing a +0 robe (heavily wounded, 58% to hit)
You shoot an arrow. The arrow barely misses the orc wizard.
The orc priest invokes the aid of Beogh against you.
Beogh smites you!
You die...

####.....#.........##
##.##..#......#.#
#.###.#........$.
#................
##....(.....###..
#............###.
#.........#......
#..............#
##.....∩@)....##
#......#o.....#
#......o##)....#
#.......# #....#
l........# ....# #.
[##.....## ...... #..
...... ...^$. ###.
###### ... .... ....


You could see an orc priest and an orc wizard.

Vanquished Creatures
  An adder (D:2)
  A worm (D:3)
  2 orcs (D:3)
  An endoplasm (D:1)
  A giant cockroach (D:1)
  8 goblins
  6 hobgoblins
  A quokka (D:2)
  2 ball pythons (D:2)
  6 bats
  3 kobolds
  3 rats
35 creatures vanquished.

Notes
Turn   | Place    | Note
-------+----------+-------------------------------------------
     0 | D:1      | monsoonserge the Formicid Hunter began the quest for the
                  | Orb.
     0 | D:1      | Reached XP level 1. HP: 16/16 MP: 1/1
   155 | D:1      | Reached XP level 2. HP: 22/22 MP: 2/2
   865 | D:2      | Found a hide-covered altar of Uskayaw.
   907 | D:2      | Reached XP level 3. HP: 27/28 MP: 3/3
  1249 | D:2      | Found Baacsuplupn's General Store.
  1386 | D:3      | Noticed a scorpion
  1425 | D:3      | Reached skill level 1 in Armour
  1446 | D:3      | Reached XP level 4. HP: 34/34 MP: 4/4
  1457 | D:3      | Found Aniv's Distillery.
  1477 | D:3      | Killed from afar by an orc priest

Illustrated notes

Levels and vault maps discovered:
D:1:      amcnicky_arrival_flooded_fountain, layout_basic
D:2:      layout_loops_cross, serial_shops, nicolae_shop_tiny_statue_garden,
          basic_altar
D:3:      layout_rooms, serial_shops, shop, uniq_robin

Skill      XL: |  1  2  3 |
---------------+----------+-----
Dodging        | 2 |  2.0
Armour         | 1 |  1.1
Fighting       | |  2.5
Ranged Weapons | |  4.8
Stealth        | |  1.7

Action                     |  1- 3 |  4- 6 || total
---------------------------+-------+-------++-------
   Fire: Shortbow          |    83 |    10 ||    93
Ability: Dig               |     2 |       ||     2
 Armour: Leather armour    |    18 |       ||    18
  Dodge: Dodged            |    22 |     4 ||    26
